 Dungeon Crawl Stone Soup version 0.30.1 (webtiles) character file.

Game seed: 7978750807714232241

21414 Heoruswealwe the Eclecticist (level 12, -6/88 HPs)
             Began as a Deep Elf Conjurer on July 11, 2023.
             Was a Believer of Vehumet.
             Shot with an arrow by a centaur warrior (12 damage)
             ... on level 13 of the Dungeon.
             The game lasted 02:54:01 (14020 turns).

Heoruswealwe the Eclecticist (Deep Elf Conjurer)   Turns: 14020, Time: 02:54:01

Health: -6/88      AC: 26    Str:  3    XL:     12   Next: 54%
Magic:  30/46      EV:  2    Int: 33    God:    Vehumet [**....]
Gold:   527        SH:  5    Dex: 14    Spells: 31/49 levels left

rFire   . . .        b - +3 falchion (heavy)
rCold   . . .        (no shield)
rNeg    . . .        c - melded +0 steam dragon scales
rPois   +            g - melded +0 helmet
rElec   .            h - melded +2 cloak {Stlth+}
rCorr   .            (gloves currently unavailable)
SInv    .            e - melded +0 pair of boots
Will    +....        i - amulet of reflection
Stlth   +++          k - ring of poison resistance
HPRegen 0.34/turn    j - ring of magical power
MPRegen 0.30/turn

%: reflection
@: tree-form
A: stationary, stasis, torment immunity, boosted hp, thin skeletal structure 1,
clever 1
a: Renounce Religion


You were on level 13 of the Dungeon.
You worshipped Vehumet.
Vehumet was pleased with you.
You were a tree.
You visited 2 branches of the dungeon, and saw 14 of its levels.
You also visited: Ossuary.

You collected 809 gold pieces.
You spent 282 gold pieces at shops.

Inventory:

Hand Weapons
 b - a +3 heavy falchion (weapon)
 J - a +0 spectral battleaxe
Armour
 c - +0 steam dragon scales (melded)
 e - a +0 pair of boots (melded)
 g - a +0 helmet (melded)
 h - a +2 cloak of stealth (melded)
Jewellery
 i - an amulet of reflection (around neck)
 j - a ring of magical power (right branch)
 k - a ring of poison resistance (left branch)
 r - a ring of flight
 w - a ring of willpower
 N - a ring of resist corrosion
Wands
 d - a wand of charming (15)
 q - a wand of iceblast (18)
 v - a wand of flame (43)
 H - a wand of mindburst (17)
 I - a wand of acid (7)
Scrolls
 a - 2 scrolls of fear
 l - 2 scrolls of poison
 n - 3 scrolls of identify
 p - 6 scrolls of teleportation
 t - a scroll of magic mapping
 x - 3 scrolls of immolation
 y - 6 scrolls of enchant weapon
 D - 4 scrolls of enchant armour
 E - 2 scrolls of blinking
 G - 2 scrolls of amnesia
 O - a scroll of fog
Potions
 f - a potion of cancellation
 m - 2 potions of resistance
 o - a potion of heal wounds
 s - a potion of mutation
 u - 3 potions of curing
 z - 2 potions of brilliance
 A - 2 potions of lignification


   Skills:
 - Level 2.4 Dodging
 - Level 2.4 Stealth
 + Level 19.0 Spellcasting
 + Level 16.6 Conjurations


You had 31 spell levels left.
You knew the following spells:

 Your Spells              Type           Power      Damage    Failure   Level
a - Magic Dart            Conj           100%       1d8       0%          1
b - Shock                 Conj/Air       100%       1d9       1%          1
c - Kiss of Death         Conj/Necr      100%       2d13      1%          1
d - Searing Ray           Conj           100%       2d8       0%          2
e - Dazzling Flash        Conj/Hex       100%       N/A       1%          3
f - Fulminant Prism       Conj/Hex       36%        3d17      1%          4
g - Iskenderun's Mystic   Conj/Tloc      72%        2d15      1%          4
z - Passwall              Tmut/Erth      25%        N/A       1%          2

Your spell library contained the following spells:

 Spells                   Type           Power      Damage    Failure   Level
 Beastly Appendage        Tmut           62%        N/A       1%          1
 Ensorcelled Hibernation  Hex/Ice        62%        N/A       1%          2
 Frozen Ramparts          Ice            62%        1d10      3%          3
 Swiftness                Air            31%        N/A       3%          3
 Ice Form                 Ice/Tmut       31%        N/A       11%         4
 Olgreb's Toxic Radiance  Pois           31%        N/A       11%         4
 Summon Ice Beast         Ice/Summ       31%        N/A       11%         4
 Discord                  Hex            15%        N/A       100%        8
 Ignition                 Fire           15%        3d6       100%        8


Dungeon Overview and Level Annotations

Branches:
Dungeon (13/15)            Temple (1/1) D:6            Lair (0/5) D:11
    Orc (0/2) D:11        Ossuary (visited)
 Vaults: D:13-14

Altars:
Ashenzari
Cheibriados
Dithmenos
Elyvilon
Fedhas
Gozag
Hepliaklqana
Kikubaaqudgha
Makhleb
Nemelex Xobeh
Okawaru
Qazlal
Ru
Sif Muna
Trog
Uskayaw
Vehumet
Wu Jian
Xom
Yredelemnul
Zin
The Shining One

Shops:
D:8 (   D:12 ?[


Innate Abilities, Weirdness & Mutations

You are a tree.
Your roots penetrate the ground, keeping you stationary.
You cannot be teleported.
You are immune to unholy pain and torment.
Your maximum health is greatly increased.
Your equipment is partially melded.
You have a somewhat thin skeletal structure. (Dex +2, Stealth+)
Your mind is acute. (Int +4, Str/Dex -1)


Message History

A fulminant prism comes into view.
The centaur warrior shoots an arrow.
The arrow hits you!
The centaur unwields a +0 shortbow.
The centaur hits your fulminant prism.
The centaur kicks your fulminant prism but does no damage.
The centaur shoots an arrow.
The arrow hits your fulminant prism!
The centaur shoots an arrow.
The arrow hits your fulminant prism! The arrow burns your fulminant prism.
Your fulminant prism detonates feebly.
The centaur warrior shoots an arrow.
The arrow closely misses you.
The centaur shoots an arrow.
You block the arrow with an invisible shield... and reflect it back!
The arrow hits the centaur!
The arrow burns the centaur.
You kill the centaur!
Vehumet accepts your kill.
Casting: Fulminant Prism (safe; 1% risk of failure)
Confirm with . or Enter, or press ? or * to list all spells.
Aiming: Fulminant Prism (safe; 1% risk of failure)
Press: ? - help, Dir - move target You conjure a prism of explosive energy!
A fulminant prism comes into view.
The centaur hits your fulminant prism.
The centaur kicks your fulminant prism but does no damage.
The centaur warrior shoots an arrow.
The arrow hits you. The centaur hits your fulminant prism.
The centaur kicks your fulminant prism.
The centaur wields a +0 shortbow.
The centaur shoots an arrow.
You block the arrow with an invisible shield... and reflect it back!
The arrow hits the centaur!
The centaur warrior shoots an arrow.
The arrow hits you!!
* * * LOW HITPOINT WARNING * * *
Your fulminant prism crackles loudly.
Really quaff the potion of lignification?
You turn into a tree.
Your +2 cloak of stealth melds into your body.
Your +0 helmet melds into your body.
Your +0 pair of boots melds into your body.
Your +0 steam dragon scales melds into your body.
You feel less stealthy.
Your roots penetrate the ground.
The centaur shoots an arrow.
The arrow hits you but does no damage.
The centaur warrior shoots an arrow.
The arrow hits you!
You die...

########################
........................
#..............####
#.♣########....# #..#
#....# #..# #....# #.c#
#....# #.*# #....# #c.#
#....#### #))# #........
........# #........
....c.... ............


You could see a centaur warrior, a centaur (ally target) and a friendly
fulminant prism.

Vanquished Creatures
  Kirke (D:12)
  A death knight (D:11)
  3 boulder beetles
  2 two-headed ogres
  A tengu warrior (D:11)
  Sonja (D:12)
  Pikel (D:5)
  2 cyclopes (D:11)
  A manticore (D:12)
  Maurice (D:10)
  3 slime creatures (D:12)
  A gargoyle (D:12)
  A kobold demonologist (D:11)
  Psyche (D:10)
  2 trolls
  Grinder (D:5)
  A hornet (D:8)
  2 shadows
  12 yaks
  5 wyverns
  4 hogs (D:12)
  4 wraiths
  A vampire (D:11)
  2 steam dragons
  2 basilisks
  2 vampire mosquitoes (D:13)
  Menkaure (D:7)
  3 acid dragons
  4 water moccasins
  5 orc warriors
  2 ice beasts
  2 sky beasts (D:8)
  2 black bears
  2 ogres
  5 centaurs
  3 lemures (D:5)
  Blork the orc (D:6)
  2 bullfrogs
  2 gnoll sergeants
  A scorpion (D:6)
  8 wights (D:9)
  27 killer bees
  An electric eel (D:7)
  4 howler monkeys
  6 orc priests
  5 hounds
  3 jellies
  2 gnoll boudas
  Crazy Yiuf (D:5)
  5 iguanas
  3 sleepcaps
  Ijyb (D:5)
  15 orc wizards
  A statue (D:9)
  A mummy (Ossuary)
  Robin (D:2)
  10 gnolls
  7 adders
  2 shadow imps
  2 ufetubi
  A worm (D:2)
  2 dart slugs
  35 orcs
  3 spectral bats (Ossuary)
  5 bats
  10 endoplasms
  5 giant cockroaches
  3 hobgoblins
  7 jackals (D:1)
  3 quokkas
  6 ball pythons
  6 bat simulacra (Ossuary)
  2 frilled lizards (D:1)
  12 gnoll zombies (Ossuary)
  15 goblins
  2 goblin simulacra (Ossuary)
  2 goblin zombies (Ossuary)
  6 hobgoblin zombies (Ossuary)
  5 kobolds
  2 kobold simulacra (Ossuary)
  6 kobold zombies (Ossuary)
  4 orc zombies (Ossuary)
  5 rats
  4 rat simulacra (Ossuary)
  2 spectral goblins (Ossuary)
  A spectral kobold (Ossuary)
  2 spectral rats (Ossuary)
354 creatures vanquished.

Vanquished Creatures (others)
  A two-headed ogre (D:10)
  An orc wizard (D:10)
  102 fulminant prisms
104 creatures vanquished.

Grand Total: 458 creatures vanquished

Notes
Turn   | Place    | Note
-------+----------+-------------------------------------------
     0 | D:1      | Heoruswealwe the Deep Elf Conjurer began the quest for the
                  | Orb.
     0 | D:1      | Reached XP level 1. HP: 10/10 MP: 6/6
   190 | D:1      | Reached XP level 2. HP: 15/15 MP: 1/8
   193 | D:1      | Learned a level 2 spell: Searing Ray
   205 | D:1      | Found a faded altar of an unknown god.
   440 | D:1      | Reached skill level 4 in Spellcasting
   507 | D:1      | Reached XP level 3. HP: 19/19 MP: 0/10
   521 | D:1      | Reached skill level 5 in Conjurations
   649 | D:1      | Learned a level 3 spell: Dazzling Flash
   764 | D:2      | Noticed Robin
   773 | D:2      | Killed Robin
  1409 | D:2      | Reached XP level 4. HP: 24/24 MP: 9/12
  1414 | D:2      | Learned a level 4 spell: Fulminant Prism
  1505 | D:2      | You fall into a shaft and drop 1 floor!
  1717 | D:1      | You fall into a shaft and drop 1 floor!
  2392 | D:3      | Reached skill level 5 in Spellcasting
  2693 | D:3      | Found an ornate altar of the Wu Jian Council.
  2966 | D:4      | Noticed a black bear
  2975 | D:4      | Killed a black bear
  2976 | D:4      | Reached XP level 5. HP: 28/28 MP: 2/15
  2983 | D:4      | Reached skill level 6 in Spellcasting
  2990 | D:4      | Learned a level 4 spell: Iskenderun's Mystic Blast
  3054 | D:4      | Noticed an ogre
  3066 | D:4      | Killed an ogre
  3067 | D:4      | Reached XP level 6. HP: 7/32 MP: 5/17
  3121 | D:4      | Found a burning altar of Makhleb.
  3121 | D:4      | Noticed an Executioner
  3124 | D:4      | Noticed a ynoxinul
  3124 | D:4      | Noticed an orange demon
  3330 | D:4      | Found an iron altar of Okawaru.
  3413 | D:4      | Found a sand-covered staircase.
  3422 | Ossuary  | Entered an ossuary
  3858 | Ossuary  | Reached skill level 7 in Spellcasting
  4643 | D:5      | Entered Level 5 of the Dungeon
  4660 | D:5      | Found a snail-covered altar of Cheibriados.
  4843 | D:5      | Reached XP level 7. HP: 27/36 MP: 14/20
  4971 | D:5      | Noticed Grinder
  4991 | D:5      | Killed Grinder
  4992 | D:5      | Reached skill level 8 in Spellcasting
  5169 | D:5      | Noticed Pikel
  5181 | D:5      | Killed Pikel
  5182 | D:5      | Reached skill level 10 in Spellcasting
  5182 | D:5      | Reached XP level 8. HP: 37/41 MP: 15/24
  5315 | D:5      | Found a runed translucent door.
  5316 | D:5      | Noticed Crazy Yiuf
  5333 | D:5      | Killed Crazy Yiuf
  5419 | D:5      | Noticed Ijyb
  5429 | D:5      | Killed Ijyb
  5572 | D:6      | Found a staircase to the Ecumenical Temple.
  5581 | Temple   | Entered the Ecumenical Temple
  5843 | D:7      | Noticed Menkaure
  5848 | D:7      | Killed Menkaure
  6008 | D:6      | Reached skill level 11 in Spellcasting
  6008 | D:6      | Reached skill level 10 in Conjurations
  6076 | D:6      | Reached XP level 9. HP: 42/45 MP: 4/26
  6807 | D:6      | Noticed Blork the orc
  6816 | D:6      | Killed Blork the orc
  7450 | D:7      | Reached skill level 12 in Spellcasting
  7902 | D:8      | Found Gysemaxe's Weapon Shop.
  8165 | D:8      | Found a white marble altar of Elyvilon.
  8203 | D:8      | Reached skill level 13 in Spellcasting
  8275 | D:8      | Found a shimmering blue altar of Sif Muna.
  8484 | D:8      | Noticed a two-headed ogre
  8494 | D:8      | Reached XP level 10. HP: 43/50 MP: 29/29
  8500 | D:8      | Killed a two-headed ogre
  8503 | D:8      | Reached skill level 14 in Spellcasting
  8976 | D:9      | Found a stormy altar of Qazlal.
  9062 | D:9      | Reached skill level 15 in Spellcasting
  9100 | D:9      | Found a radiant altar of Vehumet.
  9106 | D:9      | Became a worshipper of Vehumet
  9127 | D:9      | Learned a level 2 spell: Passwall
  9243 | D:9      | Noticed a glowing orange brain
  9245 | D:9      | Noticed a purple ugly thing
  9247 | D:9      | Noticed a centaur warrior
  9692 | D:10     | Entered Level 10 of the Dungeon
  9700 | D:10     | Noticed a two-headed ogre
  9703 | D:10     | Noticed Psyche
  9709 | D:10     | Killed a two-headed ogre
  9710 | D:10     | Reached XP level 11. HP: 30/54 MP: 26/32
  9780 | D:10     | Killed Psyche
  9915 | D:10     | Noticed Maurice
  9937 | D:10     | Killed Maurice
 10127 | D:10     | Reached skill level 16 in Spellcasting
 10195 | D:10     | Found an ancient bone altar of Kikubaaqudgha.
 10333 | D:10     | Noticed a two-headed ogre
 10365 | D:10     | Killed a two-headed ogre
 10543 | D:10     | Found a hazy altar of Hepliaklqana.
 10628 | D:10     | Found a shimmering altar of Xom.
 10801 | D:11     | Reached * piety under Vehumet
 10801 | D:11     | Offered knowledge of Shock by Vehumet.
 10990 | D:10     | Learned a level 1 spell: Shock
 11208 | D:11     | Noticed a boulder beetle
 11226 | D:11     | Killed a boulder beetle
 11227 | D:11     | Reached skill level 17 in Spellcasting
 11227 | D:11     | Reached skill level 15 in Conjurations
 11446 | D:11     | Found a staircase to the Orcish Mines.
 11570 | D:11     | Found a staircase to the Lair.
 11730 | D:11     | Noticed a tengu warrior
 11849 | D:11     | Noticed a boulder beetle
 11855 | D:11     | Noticed a death knight
 11870 | D:11     | Killed a tengu warrior
 11882 | D:11     | Killed a death knight
 11882 | D:11     | Reached ** piety under Vehumet
 11882 | D:11     | Offered knowledge of Kiss of Death by Vehumet.
 11885 | D:11     | Learned a level 1 spell: Kiss of Death
 12335 | D:11     | Gained mutation: Your mind is acute. (Int +4, Str/Dex -1)
                  | [potion of mutation]
 12335 | D:11     | Gained mutation: You are agile. (Dex +4, Str/Int -1)
                  | [potion of mutation]
 12335 | D:11     | Lost mutation: You are agile. (Dex +4, Str/Int -1) [potion
                  | of mutation]
 12335 | D:11     | Gained mutation: You have a somewhat thin skeletal
                  | structure. (Dex +2, Stealth+) [potion of mutation]
 12436 | D:12     | Reached XP level 12. HP: 50/59 MP: 35/35
 12552 | D:12     | Found Dayri's Armour Shoppe.
 12634 | D:12     | Noticed Sonja
 12634 | D:12     | Noticed Kirke
 12648 | D:12     | Reached skill level 18 in Spellcasting
 12653 | D:12     | Killed Sonja
 12662 | D:12     | Killed Kirke
 12900 | D:12     | Found Webuth's Magic Scroll Emporium.
 12903 | D:12     | Bought a scroll of poison for 48 gold pieces
 12903 | D:12     | Bought a scroll of blinking for 90 gold pieces
 12903 | D:12     | Bought a scroll of immolation for 48 gold pieces
 12903 | D:12     | Bought a scroll of poison for 48 gold pieces
 12903 | D:12     | Bought a scroll of identify for 24 gold pieces
 12903 | D:12     | Bought a scroll of identify for 24 gold pieces
 13689 | D:12     | Found a shimmering blue altar of Sif Muna.
 13708 | D:12     | Got Sif Muna's Reference Book on Alteration
 13727 | D:13     | Noticed a boulder beetle
 13760 | D:13     | Killed a boulder beetle
 13768 | D:13     | Noticed a boulder beetle
 13784 | D:13     | Killed a boulder beetle
 13785 | D:13     | Reached skill level 19 in Spellcasting
 14000 | D:13     | Noticed a centaur warrior
 14020 | D:13     | Shot with an arrow by a centaur warrior

Illustrated notes

Levels and vault maps discovered:
D:1:      lemuel_arrival_hallway, layout_basic, ebering_ecumenical_altar_ruins
D:2:      layout_loops_corners, uniq_robin
D:3:      layout_basic, nicolae_overflow_hidden_temple, serial_bayou_pond_e,
          kennysheep_boxes
D:4:      layout_basic, lemuel_doored_altar, makhleb_altar_promises_db,
          nicolae_ossuary_entry_ruins
D:5:      layout_basic, mainiacjoe_overflow_24_doors, uniq_ijyb, uniq_grinder,
          uniq_crazy_yiuf_cottage, uniq_pikel
D:6:      layout_layer_cave, minmay_temple_entry_from_below_b,
          uniq_blork_the_orc
D:7:      layout_loops_ring, kennysheep_cross_room, uniq_menkaure
D:8:      layout_loops_cross, mainiacjoe_overflow_brackets, elyvilon_altar_5,
          serial_shops, nicolae_shop_bloodbath_and_beyond, minmay_joined_circles
D:9:      layout_loops_ring, kennysheep_mini, vehumet_statue,
          onia_ninara_dug_in_and_dangerous
D:10:     layout_loops_ring, old_standard_altar, mainiacjoe_overflow_boulevard,
          mainiacjoe_overflow_catwalk, grunt_ogre_cave, hive_lemuel,
          uniq_psyche, uniq_maurice
D:11:     kennysheep_blocky_room, layout_irregular_city,
          minmay_lair_entry_grove, david_orc_4
D:12:     layout_loops_corners, serial_shops, nicolae_shop_statue_plus,
          nicolae_shop_window_shopping, led_sif_book, uniq_sonja, uniq_kirke
D:13:     layout_small_grid, serial_shops, nicolae_shop_rolling_square, tgw_xom
Temple:   grunt_temple_mini_profane

Skill      XL: |  1  2  3  4  5  6  7  8  9 10 11 12 |
---------------+-------------------------------------+-----
Spellcasting   | 4 5 6 7 10 11 13 15 17 19 | 19.0
Conjurations   | 5 6 7 9 10 12 13 15 16 | 16.6
Dodging        | |  2.4
Stealth        | |  2.4

Action                     |  1- 3 |  4- 6 |  7- 9 | 10-12 || total
---------------------------+-------+-------+-------+-------++-------
  Melee: Dagger            |       |    38 |    36 |       ||    74
         Punch             |       |       |     1 |     4 ||     5
         Falchion          |       |       |       |   112 ||   112
   Cast: Magic Dart        |    85 |   132 |   167 |    81 ||   465
         Searing Ray       |     1 |    13 |    31 |    63 ||   108
         Fulminant Prism   |       |     1 |     7 |    95 ||   103
         Dazzling Flash    |       |       |     1 |     1 ||     2
         Passwall          |       |       |       |     2 ||     2
         Iskenderun's Myst |       |       |       |    24 ||    24
    Use: Potion            |       |     1 |     5 |    20 ||    26
         Scroll            |       |       |    10 |     7 ||    17
   Stab: Distracted        |       |     1 |       |       ||     1
 Armour: Animal skin       |       |    24 |     7 |       ||    31
         Steam dragon scal |       |       |    39 |    67 ||   106
         Skin              |       |       |       |     2 ||     2
  Dodge: Dodged            |    13 |    28 |    73 |    97 ||   211
  Block: Other             |       |    11 |    31 |    35 ||    77
         Reflection        |       |       |       |     5 ||     5
